 Dungeon Crawl Stone Soup version 0.32-a0-630-g46d191b0ed (webtiles) character file.

Game seed: 2569691771525999360

275 retardedninja the Trooper (level 6, -1/49 HPs)
             Began as a Coglin Fighter on Mar 6, 2024.
             Slain by Pikel
             ... wielding a +1 whip of freezing
              (2 damage)
             ... on level 4 of the Dungeon.
             The game lasted 00:03:51 (2254 turns).

retardedninja the Trooper (Coglin Fighter)          Turns: 2254, Time: 00:03:52

Health: -1/49      AC:  8    Str: 18    XL:     6   Next: 25%
Magic:  6/6        EV: 10    Int:  8    God:
Gold:   190        SH:  0    Dex: 13    Spells: 5/5 levels left

rFire   . . .        a - +0 war axe {Libusa}
rCold   . . .        n - +0 hand axe (heavy) {Ulrike}
rNeg    . . .        b - +0 scale mail
rPois   .            (no helmet)
rElec   .            (no cloak)
rCorr   .            (no gloves)
SInv    .            g - +0 pair of boots
Will    .....        (amulet unavailable) Stlth
                     (ring unavailable)
HPRegen 0.28/turn    (ring unavailable)
MPRegen 0.10/turn    (no gizmo)

%: no passive effects
@: attractive, revved
A: off-hand wielding, slow wielding, warmup strikes, no jewellery
a: Invent Gizmo


You were on level 4 of the Dungeon.
You visited 1 branch of the dungeon, and saw 4 of its levels.

You collected 190 gold pieces.

Inventory:

Hand Weapons
 a - a +0 war axe (weapon) {Libusa}
 n - a +0 heavy hand axe (offhand) {Ulrike}
Armour
 b - a +0 scale mail (worn)
 g - a +0 pair of boots (worn)
Scrolls
 e - a scroll of summoning {unknown}
 f - 2 scrolls of teleportation {unknown}
 h - 2 scrolls of amnesia {unknown}
 i - 2 scrolls of fear {unknown}
 l - a scroll of noise {unknown}
 o - a scroll of identify {unknown}
Potions
 c - 2 potions of enlightenment {unknown}
 d - 2 potions of might
 j - a potion of attraction
 k - a potion of cancellation {unknown}
 m - a potion of curing {unknown}


   Skills:
 * Level 4.6 Fighting
 * Level 4.0 Axes
 + Level 3.4 Armour
 + Level 1.6 Dodging
 - Level 2.3 Shields


You had 5 spell levels left.
You didn't know any spells.
Your spell library contained the following spells:

 Spells                   Type           Power      Damage    Failure   Level
 Hailstorm                Conj/Ice       0%         3d5       99%         3
 Summon Ice Beast         Ice/Summ       0%         N/A       99%         3
 Sculpt Simulacrum        Ice/Alch       0%         N/A       100%        6


Dungeon Overview and Level Annotations

Branches:
Dungeon (4/15)
 Temple: D:4-7

Altars:
Ashenzari

Annotations:
D:4 Pikel


Innate Abilities, Weirdness & Mutations

You can wield a second weapon in your off-hand.
It takes a long time for you to wield or remove held weapons.
Your first few attacks do less damage.
You cannot equip rings or amulets.


Message History

The lemure hits you.
Unknown command.
You barely miss the lemure with your +0 heavy hand axe.
The lemure is moderately wounded.
You hit the lemure with your +0 heavy hand axe.
You kill the lemure!
That felt strangely unrewarding.
You barely miss the lemure with your +0 war axe.
The lemure hits you but does no damage. The lemure barely misses you.
You hit the lemure but do no damage.
The lemure is moderately wounded.
You slash the lemure with your +0 war axe!
The lemure completely misses you.
You closely miss the lemure with your +0 war axe.
The lemure is heavily wounded.
You slash the lemure with your +0 heavy hand axe!
The lemure barely misses you. The lemure misses you.
You closely miss the lemure with your +0 war axe.
The lemure is severely wounded.
You slash the lemure with your +0 heavy hand axe!
You kill the lemure!
That felt strangely unrewarding.
You closely miss Pikel with your +0 heavy hand axe.
You slash Pikel with your +0 war axe! Pikel barely misses you.
Pikel hits you with a +1 whip of freezing.
Pikel freezes you.
You barely miss Pikel with your +0 heavy hand axe.
Pikel is moderately wounded.
You closely miss Pikel with your +0 war axe.
Pikel hits you with a +1 whip of freezing!
* * * LOW HITPOINT WARNING * * *
Pikel freezes you.
* * * LOW HITPOINT WARNING * * *
It was a potion of attraction.
You feel attractive to monsters.
Pikel hits you with a +1 whip of freezing.
* * * LOW HITPOINT WARNING * * *
Pikel freezes you.
You die...
Pikel says, "Another soul for the market."

###......# .......#.##
..~ .##.......#######
)~~≈ .##..###........#
..≈≈~
.........<.####.###.~~≈≈
###.>.....## #.#...~≈~~
.....#†##.# #.#!#.~≈≈≈
###.......# #......~≈≈
##.#.##.# ##@..#.~~
#.#.##.# #K##...~≈
#.#.##.# #5# #..~
#......# ... .. ###.####
... ##.##### .....
##...##.## .....
#........##.....#
##...##.##


You could see Pikel and a lemure.

Vanquished Creatures
  Sigmund (D:3)
  3 lemures (D:4)
  A jelly (D:4)
  An adder (D:3)
  2 ufetubi (D:3)
  2 dart slugs
  3 ribbon worms
  An orc (D:4)
  9 ball pythons
  5 bats
  3 endoplasms
  2 giant cockroaches
  6 goblins
  5 hobgoblins
  3 jackals (D:3)
  4 kobolds
  3 frilled lizards
  6 rats
60 creatures vanquished.

Notes
Turn   | Place    | Note
-------+----------+-------------------------------------------
     0 | D:1      | retardedninja the Coglin Fighter began the quest for the
                  | Orb.
     0 | D:1      | Reached XP level 1. HP: 18/18 MP: 1/1
   110 | D:1      | Reached XP level 2. HP: 24/24 MP: 2/2
   389 | D:1      | Found a faded altar of an unknown god.
   491 | D:1      | Reached XP level 3. HP: 29/29 MP: 3/3
  1398 | D:3      | Reached XP level 4. HP: 26/36 MP: 4/4
  1538 | D:3      | Noticed Sigmund
  1555 | D:3      | Killed Sigmund
  1556 | D:3      | Reached skill level 1 in Dodging
  1556 | D:3      | Reached XP level 5. HP: 19/43 MP: 5/5
  1657 | D:3      | Reached XP level 6. HP: 49/49 MP: 6/6
  1950 | D:3      | Found a broken altar of Ashenzari.
  2236 | D:4      | Noticed Pikel
  2254 | D:4      | HP: 1/49 [Pikel/+1 whip of freezing (6)]
  2254 | D:4      | Slain by Pikel

Illustrated notes

Levels and vault maps discovered:
D:1:      dpeg_arrival_rhombi, layout_basic, nicolae_ecumenical_snake_handling,
          st_stairs_7
D:2:      layout_rooms, minivault_11
D:3:      layout_basic, cheibrodos_ashenzari_chains,
          minmay_randomly_rotated_circles, uniq_sigmund
D:4:      layout_loops_cross, okawaru_altar_gauntlet_db, fedhas_ov_isle_minmay,
          uniq_grinder, uniq_robin, uniq_pikel, uniq_eustachio

Skill      XL: |  1  2  3  4  5  6 |
---------------+-------------------+-----
Armour         | 3 |  3.4
Fighting       | 4 |  4.6
Axes           | 3 4 |  4.0
Dodging        | 1 |  1.6
Shields        | |  2.3

Action                     |  1- 3 |  4- 6 || total
---------------------------+-------+-------++-------
  Melee: War axe           |   103 |    68 ||   171
         Hand axe          |       |    18 ||    18
    Use: Potion            |       |     1 ||     1
 Armour: Scale mail        |   102 |    53 ||   155
  Dodge: Dodged            |    47 |    43 ||    90
  Block: Buckler           |    27 |     9 ||    36

Table legend: (Time is in decaauts)
 A = Elapsed time spent in this place.
 B = Non-inter-level travel time spent in this place.
 C = Inter-level travel time spent in this place.
 D = Time resting spent in this place.
 E = Time spent auto-exploring this place.
 F = Levels seen in this place.
 G = Mean time per level.
                   A        B        C        D        E       F      G
               +--------+--------+--------+--------+--------+-----+--------+
         Total |   2323 |   2277 |     46 |      0 |   1812 |   4 |  580.8 |
       Dungeon |   2323 |   2277 |     46 |      0 |   1812 |   4 |  580.8 |
               +--------+--------+--------+--------+--------+-----+--------+

Top non-repeatable levels by time:
     D:3: 841 daAuts
     D:1: 738 daAuts
     D:2: 656 daAuts
     D:4: 87 daAuts
